 Dungeon Crawl Stone Soup version 0.31-a0-833-gc15d34cb79 (webtiles) character file.

Game seed: 11090281983159822919

86 GloriousHammer the Poker (level 4, 0/37 HPs)
             Began as a Minotaur Gladiator on Sept 26, 2023.
             Slain by Pargi (2 damage)
             ... on level 3 of the Dungeon.
             The game lasted 00:02:24 (1615 turns).

GloriousHammer the Poker (Minotaur Gladiator)       Turns: 1615, Time: 00:02:24

Health: 0/37       AC:  5    Str: 21    XL:     4   Next: 27%
Magic:  3/3        EV: 11    Int:  5    God:
Gold:   160        SH:  0    Dex: 11    Spells: 3/3 levels left

rFire   . . .        a - +0 trident
rCold   . . .        (no shield)
rNeg    . . .        i - +0 ring mail
rPois   .            c - +0 hat
rElec   .            (no cloak)
rCorr   +            (no gloves)
SInv    .            (no boots)
Will    .....        (no amulet)
Stlth   +            R - ring of resist corrosion
HPRegen 0.26/turn    (no ring)
MPRegen 0.08/turn

%: no passive effects
@: no status effects
A: horns 2, retaliatory headbutt
a: no special abilities


You were on level 3 of the Dungeon.
You visited 1 branch of the dungeon, and saw 3 of its levels.

You collected 160 gold pieces.

Inventory:

Hand Weapons
 a - a +0 trident (weapon)
Missiles
 d - 3 throwing nets
 e - a javelin
 k - 3 poisoned darts (quivered)
 o - 5 boomerangs
Armour
 b - a +0 leather armour
 c - a +0 hat (worn)
 i - a +0 ring mail (worn)
Jewellery
 R - a ring of resist corrosion (left hand)
Scrolls
 h - 4 scrolls of identify {unknown}
 l - a scroll of fog {unknown}
 m - a scroll of fear {unknown}
 p - a scroll of torment {unknown}
Potions
 f - 2 potions of enlightenment {unknown}
 g - a potion of berserk rage {unknown}
 j - a potion of might {unknown}
 n - a potion of invisibility {unknown}


   Skills:
 - Level 2.4 Fighting
 + Level 6.2 Polearms
 - Level 2.0 Throwing
 - Level 3.2 Dodging


You had 3 spell levels left.
You didn't know any spells.
Your spell library contained the following spells:

 Spells                   Type           Power      Damage    Failure   Level
 Poisonous Vapours        Pois/Air       0%         N/A       80%         2
 Mephitic Cloud           Conj/Pois/Air  0%         N/A       95%         3
 Freezing Cloud           Conj/Ice/Air   0%         6-21      100%        5


Dungeon Overview and Level Annotations

Branches:
Dungeon (3/15)

Altars:
Qazlal
Ru
Sif Muna

Annotations:
D:3 Pargi


Innate Abilities, Weirdness & Mutations

You have a pair of horns on your head.
You reflexively headbutt those who attack you in melee.


Message History

a +0 club; an orc corpse An orc is nearby!
The orc barely misses you.
Things that are here:
a +0 club; an orc corpse You hit the orc.
Your headbutt misses the orc.
The orc is almost dead.
The orc hits you with a +0 dagger.
You hit the orc.
You kill the orc!
No target in view!
HP restored.
p - a scroll labelled GAAGAL WUERPHOPS You open the door.
Found a stormy altar of Qazlal.
There is an open door here.
Found a sacrificial altar of Ru.
There is an open door here. 2 jackals come into view.
The jackal barks! x2; You hear a bark!
You hear a shout!
A jackal comes into view.
There are monsters nearby!
You barely miss the jackal. The jackal barely misses you.
Pargi the Meek comes into view.
The jackal barely misses you. You furiously retaliate!
You headbutt the jackal. The jackal attacks as it pursues you!
The jackal closely misses you.
You barely miss the jackal.
You headbutt the jackal, but do no damage.
The jackal is severely wounded.
The jackal bites you but does no damage.
You hit the jackal.
The jackal is almost dead.
You puncture the jackal!
You kill the jackal!
The jackal bites you but does no damage.
The jackal closely misses you. x2
The jackal attacks as it pursues you!
The jackal bites you but does no damage.
You closely miss the jackal.
The jackal is severely wounded.
The jackal barely misses you. The jackal bites you.
You puncture the jackal!
You kill the jackal!
The jackal bites you but does no damage. x2
The jackal attacks as it pursues you! The jackal completely misses you.
The jackal bites you but does no damage.
The jackal attacks as it pursues you!
The jackal bites you but does no damage.
The jackal bites you.
You hit the jackal.
The jackal is lightly wounded.
You barely miss Pargi. Your headbutt misses Pargi.
The teleport trap disappears.
The jackal disappears!
You hit Pargi.
Pargi is lightly wounded.
Pargi bites you. Pargi claws you. x2
You closely miss Pargi.
Pargi is lightly wounded.
Pargi bites you. Pargi claws you but does no damage. Pargi closely misses you.
Throw: 4 darts (poison)
Press: ? - help, Q - select action, (/) - cycle Shift-Dir - straight line, f - Pargi
Aim: Pargi (45% to hit)
You throw a poisoned dart. The poisoned dart hits Pargi.
Pargi bites you. Pargi claws you. Pargi claws you but does no damage.
You closely miss Pargi. Pargi misses you. Pargi barely misses you. x2
You hit Pargi.
Pargi is lightly wounded.
Pargi closely misses you. Pargi claws you. Pargi claws you but does no damage.
You barely miss Pargi.
Pargi is lightly wounded.
Pargi barely misses you. You furiously retaliate!
You headbutt Pargi! Pargi completely misses you.
Pargi claws you but does no damage.
You puncture Pargi! You headbutt Pargi, but do no damage.
Pargi is heavily wounded.
Pargi bites you. Pargi closely misses you. Pargi barely misses you.
You hit Pargi.
Pargi is severely wounded.
Pargi closely misses you. Pargi claws you. x2
You closely miss Pargi.
Pargi is severely wounded.
Pargi misses you. Pargi claws you. Pargi closely misses you.
You closely miss Pargi. You headbutt Pargi!
Pargi is almost dead.
Pargi barely misses you. Pargi claws you but does no damage. Pargi claws you.
* * * LOW HITPOINT WARNING * * *
You barely miss Pargi.
Pargi is almost dead.
Pargi bites you but does no damage. Pargi claws you but does no damage.
Pargi claws you.
* * * LOW HITPOINT WARNING * * *
You completely miss Pargi.
Pargi is severely wounded.
Pargi snarls, "Go!
Away!"
Pargi bites you.
* * * LOW HITPOINT WARNING * * *
Pargi barely misses you. Pargi misses you.
You hit Pargi.
Pargi is almost dead.
Pargi bites you but does no damage. Pargi claws you.
You die...

#....hh..... #..#####...
+######## ##.................
#...§...# ##†...............
#._.≈._.# ##...#.###.#......
#...≈...####...#..# #.#....#.
#########'##...##..###........
#...###.......###.............
#.......##.....T@.............
#..........####.####..<......#
#...######.#.......#........##
#...# #.#.......#........#
#...######.#.......#.....#..#
#...##.....#..._..............
##.....#...#.......#..........
#..####...#.......#..........
#### ##))#.......#..#.......


You could see Pargi.

Vanquished Creatures
  4 adders (D:2)
  A worm (D:2)
  2 orcs (D:3)
  6 ball pythons
  2 endoplasms
  A giant cockroach (D:2)
  A goblin (D:2)
  7 hobgoblins
  2 jackals (D:3)
  3 quokkas
  2 frilled lizards (D:1)
  7 kobolds
  5 rats
43 creatures vanquished.

Notes
Turn   | Place    | Note
-------+----------+-------------------------------------------
     0 | D:1      | GloriousHammer the Minotaur Gladiator began the quest for
                  | the Orb.
     0 | D:1      | Reached XP level 1. HP: 18/18 MP: 0/0
   126 | D:1      | Reached skill level 4 in Polearms
   211 | D:1      | Reached XP level 2. HP: 23/25 MP: 1/1
   679 | D:1      | Reached skill level 5 in Polearms
   740 | D:2      | Reached XP level 3. HP: 30/30 MP: 2/2
   746 | D:2      | Found a shimmering blue altar of Sif Muna.
   905 | D:2      | Reached skill level 6 in Polearms
   905 | D:2      | Reached XP level 4. HP: 35/37 MP: 3/3
  1373 | D:2      | Found a faded altar of an unknown god.
  1494 | D:3      | Found a shimmering blue altar of Sif Muna.
  1571 | D:3      | Found a stormy altar of Qazlal.
  1573 | D:3      | Found a sacrificial altar of Ru.
  1586 | D:3      | Noticed Pargi
  1615 | D:3      | Slain by Pargi

Illustrated notes

Levels and vault maps discovered:
D:1:      dpeg_arrival_water_temple_mockup, layout_loops_ring
D:2:      layout_loops_ring, basic_altar, basic_ecumenical_altar
D:3:      layout_rooms, xom_teletrap_fun, lemuel_tele_altar,
          mainiacjoe_overflow_divided_tiny, gammafunk_ghost_necromancy,
          uniq_pargi

Skill      XL: |  1  2  3 |
---------------+----------+-----
Polearms       | 4 5 6 |  6.2
Fighting       | |  2.4
Throwing       | |  2.0
Dodging        | |  3.2

Action                     |  1- 3 |  4- 6 || total
---------------------------+-------+-------++-------
  Melee: Trident           |    68 |    34 ||   102
         Headbutt          |     6 |     7 ||    13
  Throw: Dart              |       |     1 ||     1
 Armour: Leather armour    |    10 |       ||    10
         Ring mail         |    16 |    33 ||    49
  Dodge: Dodged            |    28 |    27 ||    55

Table legend: (Time is in decaauts)
 A = Elapsed time spent in this place.
 B = Non-inter-level travel time spent in this place.
 C = Inter-level travel time spent in this place.
 D = Time resting spent in this place.
 E = Time spent auto-exploring this place.
 F = Levels seen in this place.
 G = Mean time per level.
                   A        B        C        D        E       F      G
               +--------+--------+--------+--------+--------+-----+--------+
         Total |   1618 |   1511 |    107 |      0 |   1200 |   3 |  539.3 |
       Dungeon |   1618 |   1511 |    107 |      0 |   1200 |   3 |  539.3 |
               +--------+--------+--------+--------+--------+-----+--------+

Top non-repeatable levels by time:
     D:2: 802 daAuts
     D:1: 691 daAuts
     D:3: 123 daAuts
